 Dungeon Crawl Stone Soup version 0.28-a0-925-gd5e1996cdb (webtiles) character file.

Game seed: 16581581850085953994

22 BinkBink the Chopper (level 2, 0/28 HPs)
             Began as a Deep Dwarf Berserker on Nov 26, 2021.
             Was a Follower of Trog.
             Slain by a kobold (2 damage)
             ... on level 1 of the Dungeon.
             The game lasted 00:02:21 (335 turns).

BinkBink the Chopper (Deep Dwarf Berserker)          Turns: 335, Time: 00:02:22

Health: 0/28       AC:  2    Str: 20    XL:     2   Next: 68%
Magic:  2/2        EV: 12    Int:  7    God:    Trog [*.....]
Gold:   39         SH:  0    Dex: 12    Spells: 1/1 levels left

rFire   . . .      SeeInvis .   a - +0 hand axe
rCold   . . .      Faith    .   (no shield)
rNeg    . . .      Spirit   .   b - +0 animal skin
rPois   .          Reflect  .   (no helmet)
rElec   .          Harm     .   (no cloak)
rCorr   .          Rampage  .   (no gloves)
Will    .....                   (no boots)
Stlth   +.........              d - amulet of the acrobat
HPRegen 0.00/turn               (no ring)
MPRegen 0.08/turn               (no ring)

@: no status effects
A: damage resistance, heal wounds, sense surroundings 1, no regeneration
a: Heal Wounds, Renounce Religion, Berserk


You were on level 1 of the Dungeon.
You worshipped Trog.
Trog was aware of your devotion.
You visited 1 branch of the dungeon, and saw 1 of its levels.

You collected 39 gold pieces.

Inventory:

Hand Weapons
 a - a +0 hand axe (weapon)
Armour
 b - a +0 animal skin (worn)
Jewellery
 d - an amulet of the acrobat (around neck)
Scrolls
 f - a scroll of identify {unknown}
 g - a scroll of immolation {unknown}
Potions
 c - 2 potions of lignification {unknown}
 e - a potion of curing {unknown}


   Skills:
 + Level 3.1 Fighting
 + Level 3.7 Axes
 + Level 2.3 Armour
 + Level 2.4 Dodging


You had one spell level left.
You didn't know any spells.
Your spell library was empty.

Dungeon Overview and Level Annotations

Branches:
Dungeon (1/15)

Altars:


Innate Abilities, Weirdness & Mutations

You are resistant to damage.
You can heal yourself by infusing magical energy.
You passively map a small area around you.
You do not regenerate.


Message History

The dart slug is almost dead.
You hit the dart slug.
You kill the dart slug!
Trog accepts your kill.
You open the door.
There is an open door here.
A rat comes into view.
A bat comes into view.
The helpless rat fails to defend itself.
You slash the rat!
You kill the rat!
Trog accepts your kill.
You see here a rat corpse.
The bat misses you. The bat completely misses you.
You slash the bat!
You kill the bat!
Trog accepts your kill.
Found a stone staircase leading down.
Found a book of the Senses.
You now have 39 gold pieces (gained 11).
You see here a book of the Senses.
A quokka comes into view.
Found a stone staircase leading down.
A kobold comes into view. It is wielding a +3 short sword.
The kobold shouts!
You barely miss the quokka. The quokka closely misses you.
You hit the quokka.
The quokka is almost dead.
The quokka barely misses you.
The quokka bites you but does no damage.
You hit the quokka.
You kill the quokka!
Trog accepts your kill. The kobold completely misses you.
You barely miss the kobold.
The kobold hits you with a +3 short sword!
* * * LOW HITPOINT WARNING * * *
You miss the kobold. The kobold misses you.
The kobold hits you with a +3 short sword.
You die...

.#...########### ###...#
.#....# *, #.#.#.# *,
#.#.#.# ## ..#.#.# *#.##
* ###.#.#########
##>..#### , , #
#...........####........
, # ###,
*#.....@K.†...... ,
##...#####..##### *,
##...## .## *
*#.###.....# *.#
.........# .# * ,
..>.###....:# .. #.#
##...## ## * * #.# ##.##
* , #.# ##.## ^ ≈ *


You could see a kobold.

Vanquished Creatures
  2 dart slugs (D:1)
  An endoplasm (D:1)
  A giant cockroach (D:1)
  A goblin (D:1)
  A hobgoblin (D:1)
  4 jackals (D:1)
  A quokka (D:1)
  A ball python (D:1)
  2 bats (D:1)
  2 rats (D:1)
16 creatures vanquished.

Notes
Turn   | Place    | Note
-------+----------+-------------------------------------------
     0 | D:1      | BinkBink the Deep Dwarf Berserker began the quest for the
                  | Orb.
     0 | D:1      | Reached XP level 1. HP: 20/20 MP: 1/1
   149 | D:1      | Reached XP level 2. HP: 6/27 MP: 2/2
   335 | D:1      | Slain by a kobold

Illustrated notes

Levels and vault maps discovered:
D:1:      wander_arrival_desolate, layout_loops_ring,
          shapermc_ecumenical_altar_starsandcircs, kennysheep_minor_cross,
          corner_web_ring

Skill      XL: |  1  2 |
---------------+-------+-----
Fighting       | 3 |  3.1
Axes           | |  3.7
Armour         | |  2.3
Dodging        | |  2.4

Action                   || total
-------------------------++-------
Melee: Hand axe          ||    56
 Stab: Sleeping          ||     1
Armor: Animal skin       ||    10
Dodge: Dodged            ||    44

Table legend: (Time is in decaauts)
 A = Elapsed time spent in this place.
 B = Non-inter-level travel time spent in this place.
 C = Inter-level travel time spent in this place.
 D = Time resting spent in this place.
 E = Time spent auto-exploring this place.
 F = Levels seen in this place.
 G = Mean time per level.
                   A        B        C        D        E       F      G
               +--------+--------+--------+--------+--------+-----+--------+
         Total |    342 |    342 |      0 |      0 |    182 |   1 |  342.0 |
       Dungeon |    342 |    342 |      0 |      0 |    182 |   1 |  342.0 |
               +--------+--------+--------+--------+--------+-----+--------+

Top non-repeatable levels by time:
     D:1: 342 daAuts
